Map: Disco Bloodbath LE

Players

liquidthermy (uThermal)

  • Race: Terran Terran
  • Spawn Location: 3:00

Serral - Winner!

  • Race: Zerg Zerg
  • League: Master
  • Spawn Location: 9:00

Event: HomeStory Cup XX

VOD

Have the link to the VOD?

Description

Time

  • Played on: Nov. 22, 2019, 1:51 p.m.
  • Length: 16:59

All games in this series

Show
View Real Time Build Order
Export as new Build Order

liquidthermy Terran 

Build Orders: Mech 

Get SALT Encoding   

  12  0:01  SCV  
  13  0:13  SCV  
  14  0:17  Supply Depot  
  14  0:25  SCV  
  15  0:38  SCV  
  15  0:39  Barracks  
  16  0:42  Refinery  
  16  0:50  SCV  
  17  1:03  SCV  
  18  1:15  SCV  
  19  1:26  Barracks Reactor  
  19  1:27  Orbital Command  
  19  1:38  Command Center  
  19  1:48  Supply Depot  
  19  1:53  SCV  
  20  2:02  Marine x2  
  20  2:05  SCV  
  23  2:09  Factory  
  23  2:14  Refinery  
  23  2:17  SCV  
  23  2:20  Marine  
  23  2:21  Marine  
  26  2:29  SCV  
  27  2:38  Marine  
  27  2:39  Marine  
  27  2:41  SCV  
  30  2:50  Orbital Command  
  30  2:53  Factory Reactor, SCV  
  30  2:56  Marine, Starport  
  30  2:57  Marine  
  33  3:05  SCV  
  34  3:12  Supply Depot  
  34  3:13  Marine  
  34  3:14  Marine  
  34  3:17  SCV x2  
  38  3:29  SCV x2  
  38  3:31  Marine  
  38  3:32  Marine  
  42  3:38  Medivac x2  
  42  3:40  Widow Mine  
  49  3:41  SCV x2  
  49  3:46  Supply Depot  
  50  3:49  Marine  
  50  3:50  Marine  
  50  3:53  SCV  
  50  3:54  SCV  
  54  4:03  Fusion Core  
  54  4:04  Supply Depot  
  54  4:08  SCV x2  
  56  4:15  Hellion x2  
  60  4:20  SCV  
  60  4:23  Starport Tech Lab  
  61  4:27  Command Center  
  61  4:32  Refinery  
  61  4:33  Refinery, SCV x2  
  61  4:37  Hellion  
  65  4:39  Hellion  
  66  4:49  SCV  
  67  4:55  SCV  
  67  4:57  Supply Depot  
  68  5:06  Battlecruiser  
  74  5:09  Hellion x2  
  74  5:11  Supply Depot  
  78  5:16  Supply Depot  
  78  5:18  SCV x2  
  80  5:23  Supply Depot  
  80  5:30  Hellion x2, SCV x2  
  86  5:39  Orbital Command  
  86  5:42  SCV x2  
  88  5:49  Armory  
  88  5:50  Armory  
  88  5:52  Hellion  
  88  5:55  Hellion  
  92  5:58  SCV  
  92  6:01  SCV  
  94  6:10  SCV  
  95  6:14  SCV  
  95  6:15  Hellion  
  95  6:16  Hellion  
  100  6:24  SCV  
  101  6:28  Orbital Command  
  101  6:32  SCV  
  93  6:36  Hellion, SCV  
  93  6:37  Factory  
  93  6:38  Hellion, Factory  
  98  6:44  SCV  
  83  6:48  Battlecruiser  
  83  6:50  SCV  
  90  6:58  Hellion, SCV x2  
  85  7:05  SCV  
  85  7:07  Factory  
  86  7:09  Factory, Terran Vehicle Weapons Level 1  
  86  7:10  Terran Vehicle And Ship Armor Level 1  
  86  7:12  SCV  
  89  7:15  Hellion  
  89  7:17  SCV  
  89  7:18  SCV  
  89  7:20  Hellion  
  89  7:21  Factory Tech Lab x2  
  93  7:25  SCV  
  93  7:29  Refinery x2  
  95  7:30  SCV  
  95  7:36  SCV  
  98  7:39  Infernal Pre-Igniter  
  98  7:40  Siege Tank x2  
  98  7:41  SCV  
  107  7:51  SCV x2  
  107  7:54  Command Center  
  107  7:55  Battlecruiser  
  111  8:02  Factory Tech Lab  
  111  8:03  Hellion  
  111  8:05  Hellion x2, Supply Depot, SCV  
  117  8:06  Engineering Bay  
  117  8:08  SCV  
  119  8:15  Hellion  
  119  8:17  Siege Tank  
  119  8:18  Hellion  
  118  8:29  SCV  
  118  8:31  SCV  
  117  8:34  Missile Turret  
  117  8:35  Missile Turret  
  117  8:37  Siege Tank  
  117  8:38  Hellion, Thor  
  117  8:39  SCV  
  117  8:41  SCV  
  125  8:44  SCV  
  125  8:47  Hellion, Missile Turret  
  128  8:51  SCV  
  121  9:00  Hellion  
  121  9:01  SCV  
  126  9:05  Battlecruiser  
  126  9:07  Terran Vehicle Weapons Level 2  
  129  9:12  Terran Vehicle And Ship Armor Level 2  
  129  9:21  Weapon Refit, SCV  
  129  9:22  SCV x2  
  132  9:24  Missile Turret  
  132  9:28  Hellion, Siege Tank  
  133  9:33  SCV  
  133  9:34  Hellion  
  133  9:35  SCV  
  133  9:36  SCV  
  134  9:41  Supply Depot  
  134  9:42  Siege Tank  
  137  9:46  SCV  
  137  9:47  Planetary Fortress  
  137  9:48  SCV  
  137  9:49  SCV  
  140  9:52  Refinery  
  140  9:53  Refinery, Hellion  
  140  9:55  Hellion  
  140  9:58  SCV  
  140  9:59  Supply Depot  
  143  10:01  SCV x2  
  143  10:02  Supply Depot  
  145  10:09  Sensor Tower  
  145  10:10  SCV  
  146  10:14  SCV  
  146  10:16  Siege Tank x2  
  146  10:17  Supply Depot  
  148  10:21  Siege Tank  
  148  10:26  Hellion  
  148  10:27  Hellion x2  
  146  10:29  SCV  
  146  10:31  SCV  
  146  10:34  SCV  
  147  10:37  Hellion, Supply Depot  
  147  10:39  Battlecruiser  
  155  10:49  Command Center  
  155  10:50  Hellion  
  155  10:55  Hellion, Siege Tank  
  162  10:58  Hellion  
  162  11:04  Hellion  
  162  11:05  Supply Depot  
  162  11:07  Hellion  
  164  11:14  Siege Tank  
  164  11:15  Hellion  
  164  11:16  Supply Depot  
  169  11:20  Supply Depot, SCV x2  
  169  11:21  Hellion  
  169  11:22  Hellion  
  169  11:23  SCV  
  176  11:26  Hellion  
  176  11:30  Smart Servos  
  178  11:33  Thor  
  184  11:44  Battlecruiser  
  178  11:48  Hellion, Siege Tank  
  178  11:49  Hellion  
  178  11:53  Hellion x2  
  179  11:55  Hellion  
  177  12:09  Hellion  
  177  12:12  Hellion  
  168  12:16  Siege Tank x2  
  168  12:18  Hellion  
  168  12:19  Hellion  
  168  12:20  Command Center  
  168  12:38  Siege Tank  
  168  12:39  Hellion x2  
  168  12:40  Hellion  
  168  12:42  Hellion  
  175  12:48  Siege Tank, Battlecruiser  
  175  12:49  Hellion  
  178  12:59  Hellion x9  
  178  13:01  Hellion x3  
  178  13:03  Hellion  
  173  13:10  Siege Tank  
  173  13:11  Hellion  
  175  13:17  Starport x2  
  175  13:18  SCV  
  171  13:20  Siege Tank  
  171  13:22  Hellion x2  
  171  13:24  SCV  
  177  13:27  Advanced Ballistics  
  177  13:33  Hellion, Thor  
  172  13:42  Thor  
  172  13:45  Hellion  
  178  13:52  Thor  
  172  13:56  Terran Vehicle And Ship Armor Level 3, Terran Vehicle Weapons Level 3  
  172  13:58  Refinery  
  172  14:01  Hellion  
  174  14:04  Missile Turret  
  174  14:05  Hellion  
  174  14:09  Hellion  
  169  14:12  Hellion  
  169  14:16  Siege Tank  
  168  14:23  Hellion  
  168  14:25  Thor  
  168  14:26  Hellion  
  164  14:32  Hellion  
  164  14:33  Engineering Bay  
  164  14:35  Siege Tank  
  163  14:40  Orbital Command  
  161  14:48  Thor  
  153  15:07  Planetary Fortress, Thor x2  
  153  15:08  Refinery  
  165  15:14  Hellion  
  165  15:18  Hellion  
  165  15:19  Hellion  
  165  15:21  Hellion  
  163  15:31  Thor  
  162  15:35  Hellion  
  162  15:40  Hellion  
  136  15:50  Thor x2  
  136  16:14  Thor  
  136  16:15  Hellion x2  
  146  16:21  Orbital Command  
  146  16:29  Hellion  
  148  16:33  Hellion  
  148  16:34  Hellion  
Show
View Real Time Build Order
Export as new Build Order

Serral Zerg - Winner!

Build Orders: Hatch First, Lurkers, Muta Ling Bane 

Get SALT Encoding   

  12  0:00  Drone  
  13  0:12  Overlord  
  13  0:17  Drone  
  14  0:30  Drone  
  14  0:31  Drone  
  16  0:48  Hatchery  
  15  0:51  Drone  
  15  0:55  Drone  
  17  0:58  Drone  
  18  1:08  Extractor  
  17  1:14  Spawning Pool  
  17  1:17  Drone  
  17  1:20  Drone  
  18  1:28  Drone  
  20  1:40  Drone  
  20  1:50  Overlord  
  20  2:00  Queen x2  
  20  2:01  Zergling x4  
  26  2:11  Drone x2  
  26  2:12  Metabolic Boost  
  28  2:21  Drone  
  28  2:22  Drone  
  30  2:34  Hatchery  
  29  2:38  Drone  
  29  2:40  Drone  
  31  2:46  Queen  
  33  2:52  Overlord  
  33  2:54  Drone  
  33  2:58  Drone  
  35  2:59  Drone  
  36  3:10  Drone x2  
  36  3:11  Drone x2  
  40  3:14  Pneumatized Carapace  
  40  3:17  Overlord  
  40  3:19  Drone  
  41  3:25  Queen  
  43  3:31  Drone  
  43  3:33  Overlord  
  44  3:36  Drone  
  44  3:40  Drone x3  
  47  3:45  Evolution Chamber  
  47  3:46  Queen  
  48  3:51  Drone x2  
  48  3:53  Drone  
  51  3:58  Drone x3  
  54  4:03  Queen  
  54  4:07  Overlord  
  54  4:09  Zergling x4  
  58  4:14  Baneling Nest  
  58  4:16  Zergling x2  
  58  4:17  Zergling x2  
  59  4:22  Zergling x6  
  62  4:25  Drone x4  
  62  4:30  Extractor, Drone  
  66  4:32  Zerg Ground Armor Level 1  
  66  4:36  Drone x3  
  69  4:42  Spore Crawler  
  69  4:43  Overlord  
  69  4:44  Drone x2  
  70  4:48  Overlord  
  70  4:51  Overlord  
  70  4:55  Overlord  
  70  4:56  Extractor  
  69  5:01  Queen  
  69  5:03  Zergling x6  
  69  5:07  Zergling x4  
  76  5:08  Drone x3  
  76  5:10  Lair  
  79  5:16  Drone  
  79  5:17  Drone x2  
  79  5:20  Baneling  
  80  5:21  Baneling x3  
  80  5:23  Drone x2  
  80  5:25  Zergling x4  
  80  5:27  Overlord  
  84  5:32  Zergling x4  
  85  5:40  Drone x2  
  87  5:43  Extractor, Drone x4  
  87  5:45  Zergling x4  
  87  5:46  Baneling x2  
  92  5:50  Spore Crawler  
  92  5:52  Spore Crawler  
  92  5:53  Queen x2  
  94  5:58  Overlord  
  94  6:01  Baneling x3  
  94  6:02  Baneling  
  94  6:03  Drone  
  95  6:04  Zergling x10  
  95  6:06  Spore Crawler  
  99  6:11  Spire  
  99  6:15  Drone x2  
  95  6:21  Drone x6  
  97  6:28  Drone x4  
  95  6:36  Drone x5  
  99  6:47  Zergling x8  
  95  6:57  Drone x3  
  96  7:02  Extractor  
  96  7:04  Extractor  
  96  7:05  Extractor  
  96  7:07  Evolution Chamber  
  92  7:12  Overlord  
  92  7:16  Zerg Missile Weapons Level 1  
  92  7:18  Roach Warren  
  92  7:20  Hatchery  
  92  7:22  Drone x2  
  92  7:25  Mutalisk x4  
  92  7:29  Mutalisk x2  
  100  7:31  Overlord  
  100  7:36  Mutalisk  
  106  7:39  Mutalisk  
  106  7:41  Drone x4  
  112  7:46  Zerg Melee Weapons Level 1  
  112  7:49  Drone x2  
  114  7:51  Hatchery  
  114  7:52  Hydralisk Den  
  114  7:55  Overlord  
  114  7:56  Overlord x2  
  112  7:59  Glial Reconstitution  
  112  8:04  Drone x6  
  118  8:10  Overlord  
  118  8:14  Drone  
  118  8:15  Drone x5  
  124  8:21  Drone x2  
  124  8:23  Grooved Spines  
  124  8:24  Lurker Den  
  125  8:29  Infestation Pit  
  125  8:32  Roach x3  
  128  8:41  Roach  
  128  8:42  Roach x5  
  128  8:46  Extractor  
  139  8:50  Extractor  
  139  8:51  Drone x5  
  139  8:52  Drone  
  144  9:05  Queen, Hive  
  144  9:07  Spore Crawler, Drone x3  
  144  9:08  Drone x3  
  144  9:09  Drone x2, Spine Crawler  
  152  9:10  Drone  
  152  9:12  Overlord  
  152  9:13  Overlord  
  152  9:15  Centrifical Hooks  
  153  9:20  Overlord x2  
  153  9:21  Overlord  
  153  9:30  Extractor  
  142  9:32  Extractor  
  142  9:34  Muscular Augments  
  142  9:35  Hydralisk x8  
  142  9:38  Hydralisk  
  159  9:44  Spine Crawler  
  158  9:45  Spine Crawler  
  158  9:46  Zerg Missile Weapons Level 2  
  158  9:47  Spine Crawler  
  158  9:49  Drone x2  
  157  10:03  Drone x5  
  157  10:05  Zerg Ground Armor Level 2  
  162  10:07  Seismic Spines  
  162  10:18  Drone  
  162  10:19  Viper x4  
  171  10:23  Hydralisk x3  
  171  10:25  Drone x4  
  171  10:28  Drone  
  172  10:35  Viper  
  175  10:37  Overlord x2  
  175  10:38  Overlord  
  175  10:42  Nydus Network, Spine Crawler  
  173  10:43  Spore Crawler, Spine Crawler  
  173  10:44  Lurker, Spine Crawler x2  
  173  10:45  Lurker x2  
  173  10:47  Hydralisk x4  
  173  10:48  Hydralisk x3  
  182  10:56  Hydralisk x4  
  184  11:18  Spore Crawler, Hydralisk x6  
  181  11:19  Spore Crawler x2  
  181  11:22  Adaptive Talons  
  191  11:27  Lurker x2  
  191  11:28  Lurker  
  194  11:33  Spine Crawler  
  193  11:46  Evolution Chamber  
  186  11:47  Evolution Chamber  
  186  11:48  Lurker, Hydralisk  
  186  11:49  Lurker x2, Hydralisk x4  
  195  11:59  Lurker x3  
  194  12:03  Hydralisk x2  
  191  12:13  Hydralisk x4  
  191  12:14  Roach x4  
  189  12:20  Hydralisk  
  189  12:21  Hydralisk x2  
  185  12:28  Hydralisk  
  185  12:29  Zergling x14, Hydralisk  
  198  12:30  Zergling x8  
  194  12:38  Drone x3  
  197  12:44  Hydralisk  
  196  12:52  Hatchery  
  196  12:53  Nydus Canal  
  193  13:01  Viper x2  
  193  13:03  Drone x2  
  192  13:20  Viper x2  
  192  13:26  Nydus Canal  
  192  13:37  Extractor, Drone x2  
  192  13:38  Drone  
  192  13:39  Spine Crawler  
  192  13:40  Drone x4  
  192  13:41  Drone x2  
  194  13:42  Drone x5  
  194  13:43  Drone x6  
  194  13:45  Nydus Canal  
  194  13:48  Drone x2  
  199  13:53  Drone x3  
  199  13:55  Extractor  
  197  13:56  Greater Spire  
  197  13:57  Extractor  
  197  13:58  Drone x2  
  197  13:59  Drone  
  197  14:00  Drone  
  198  14:14  Zerg Ground Armor Level 3, Zerg Missile Weapons Level 3  
  198  14:15  Hydralisk x3  
  200  14:21  Drone  
  200  14:22  Drone  
  197  14:27  Hydralisk x7  
  197  14:33  Hydralisk  
  197  14:34  Hydralisk x2  
  184  14:53  Drone x5  
  184  14:54  Hatchery  
  184  14:57  Lurker x4  
  183  15:01  Drone x2  
  183  15:02  Drone x4  
  183  15:04  Hydralisk x3  
  183  15:07  Nydus Canal  
  195  15:16  Drone x5  
  193  15:31  Drone x9  
  193  15:35  Drone x2  
  194  15:40  Drone x3  
  165  15:57  Hydralisk x6  
  177  16:05  Spore Crawler  
  176  16:15  Hydralisk x4  
  179  16:29  Viper x2  
  179  16:32  Lurker x3  
Tags
 
Add a new tag
Caveats
  • Supply blocks, unpowered buildings, or Contaminate may cause inaccurate times.
  • Supply counts are checked every 10 seconds.